Map: Kairos Junction LE

Players

Woah - Winner!

  • Race: Terran Terran
  • Spawn Location: 11:00

Mrphilip

  • Race: Zerg Zerg
  • League: Platinum
  • Spawn Location: 5:00

VOD

Have the link to the VOD?

Description

Time

  • Played on: June 14, 2019, 2:07 p.m.
  • Length: 8:47
Show
View Real Time Build Order
Export as new Build Order

Woah Terran - Winner!

Build Orders: Reaper Expand 

Get SALT Encoding   

  12  0:01  SCV  
  13  0:13  SCV  
  14  0:18  Supply Depot  
  14  0:26  SCV  
  15  0:40  SCV  
  15  0:41  Barracks  
  16  0:45  Refinery  
  16  0:52  SCV  
  17  1:04  SCV  
  18  1:16  SCV  
  19  1:29  Reaper, Orbital Command  
  20  1:44  Command Center  
  20  1:58  Barracks  
  20  1:59  SCV  
  21  2:12  Refinery  
  21  2:14  SCV, Supply Depot  
  22  2:18  Barracks Reactor  
  22  2:35  SCV  
  23  2:41  Factory  
  23  2:47  SCV  
  24  2:53  Barracks Tech Lab  
  24  2:59  SCV  
  24  3:03  Orbital Command  
  25  3:06  Marine x2  
  25  3:11  SCV  
  28  3:23  SCV, Marine  
  28  3:27  Marine  
  30  3:29  Stimpack  
  30  3:30  Factory Reactor  
  30  3:31  Marine  
  30  3:32  Starport  
  32  3:35  SCV  
  33  3:41  Marine  
  34  3:48  SCV  
  34  3:49  SCV  
  34  3:50  Marine x2  
  34  3:51  Supply Depot  
  38  3:59  Marine  
  39  4:03  SCV x2  
  39  4:08  Marine x2  
  43  4:14  Supply Depot  
  43  4:18  SCV x2  
  43  4:22  Medivac x2  
  49  4:24  Marine  
  49  4:26  Marine  
  49  4:30  SCV  
  52  4:34  Engineering Bay  
  52  4:37  Supply Depot  
  52  4:38  SCV, Engineering Bay  
  53  4:40  Marine  
  53  4:42  SCV, Marine  
  53  4:45  Marine  
  57  4:52  SCV  
  58  4:58  Marine  
  59  5:03  Terran Infantry Weapons Level 1  
  59  5:04  Terran Infantry Armor Level 1  
  59  5:09  SCV, Marine x2  
  62  5:16  Marine  
  62  5:17  Command Center  
  62  5:18  Barracks  
  63  5:23  Factory Tech Lab  
  63  5:25  Barracks  
  63  5:29  Barracks  
  60  5:54  Marine  
  60  5:55  Marine x2  
  60  6:12  Marine  
  60  6:13  Marine x2  
  60  6:30  Marine x3  
  58  6:38  SCV x2  
  58  6:39  Orbital Command  
  57  6:41  Combat Shield, Barracks Reactor x2  
  57  6:44  Barracks  
  57  6:47  Barracks  
  57  6:48  Marine x3  
  57  6:50  SCV  
  57  6:51  Armory, Barracks  
  57  6:53  Siege Tank  
  57  6:54  SCV  
  65  6:55  Barracks Reactor  
  65  7:00  Refinery  
  65  7:01  Factory  
  65  7:02  SCV, Refinery  
  65  7:05  Marine  
  65  7:06  SCV, Marine x2  
  69  7:23  Marine  
  69  7:24  Marine  
  70  7:35  Marine  
  70  7:36  Marine x6  
  72  7:41  Marine  
  72  7:42  Marine  
  71  7:48  Orbital Command  
  67  7:53  Marine x2  
  67  7:54  Marine x5  
  67  7:58  SCV x2  
  75  7:59  Marine x2  
  77  8:10  SCV  
  77  8:11  Marine x4  
  77  8:12  Marine x2  
  84  8:23  Marine  
  84  8:25  Factory Tech Lab  
  85  8:46  Command Center  
Show
View Real Time Build Order
Export as new Build Order

Mrphilip Zerg 

Build Orders: Hatch First 

Get SALT Encoding   

  12  0:01  Drone  
  13  0:09  Drone  
  14  0:17  Overlord  
  14  0:36  Drone x3  
  17  0:47  Drone  
  18  0:59  Hatchery  
  18  1:01  Drone  
  18  1:09  Drone  
  19  1:23  Drone  
  20  1:28  Spawning Pool  
  20  1:29  Extractor  
  20  1:32  Drone  
  19  1:44  Drone  
  20  1:51  Drone  
  21  2:02  Overlord  
  21  2:11  Overlord  
  21  2:14  Drone  
  22  2:16  Queen x2  
  22  2:22  Zergling x2  
  27  2:35  Metabolic Boost, Zergling x6  
  30  2:43  Zergling x2  
  31  2:49  Drone  
  32  2:52  Queen x2  
  36  3:00  Zergling x4  
  38  3:07  Drone x2  
  40  3:15  Drone  
  40  3:18  Extractor  
  40  3:19  Drone  
  41  3:20  Baneling Nest  
  41  3:25  Drone x2  
  42  3:33  Drone x2  
  43  3:42  Overlord  
  43  3:54  Overlord  
  43  3:59  Queen x2  
  47  4:07  Zergling x2  
  47  4:08  Zergling x6  
  51  4:10  Overlord  
  51  4:11  Overlord  
  51  4:15  Overlord  
  51  4:20  Overlord  
  51  4:23  Drone  
  52  4:24  Drone  
  52  4:28  Drone x2  
  52  4:30  Drone  
  56  4:37  Lair  
  56  4:40  Drone  
  56  4:41  Drone  
  56  4:44  Drone  
  59  4:47  Drone  
  59  4:50  Drone x2  
  62  4:58  Drone x2  
  64  5:04  Pneumatized Carapace  
  64  5:05  Drone  
  65  5:16  Drone x7  
  72  5:31  Hatchery  
  72  5:34  Zergling x2  
  72  5:35  Zergling x2  
  73  5:36  Baneling x2  
  73  5:40  Zergling x4  
  62  5:52  Zergling x4  
  62  5:54  Baneling x2  
  58  6:03  Zergling x4  
  53  6:04  Queen  
  53  6:09  Centrifical Hooks  
  53  6:10  Zergling x4  
  34  6:23  Zergling x4  
  30  6:33  Drone x4  
  33  6:44  Queen  
  33  6:45  Drone x5  
  40  6:50  Drone  
  41  6:56  Drone x5  
  46  7:05  Zergling x6  
  49  7:10  Baneling  
  49  7:11  Baneling x6  
  49  7:12  Zergling x6  
  52  7:21  Zergling x6  
  33  7:37  Zergling x2  
  33  7:38  Zergling x10  
  37  7:44  Zergling x2  
  37  7:45  Zergling x4  
  37  7:50  Drone  
  39  7:54  Drone  
  39  7:55  Drone  
  39  7:58  Drone  
  42  8:04  Drone  
  43  8:08  Drone  
  43  8:09  Drone  
  45  8:13  Drone  
  45  8:19  Drone x2  
  48  8:22  Drone  
  48  8:24  Drone  
Tags
 
Add a new tag
Caveats
  • Supply blocks, unpowered buildings, or Contaminate may cause inaccurate times.
  • Supply counts are checked every 10 seconds.